 Dungeon Crawl Stone Soup version 0.28-a0-957-g42eb19b844 (webtiles) character file.

Game seed: 11385727789894647451

24941 tilp the Frost Mage (level 10, -3/44 (48) HPs)
             Began as a Felid Ice Elementalist on Nov 30, 2021.
             Was an Elder of Ru.
             Slain by an eight-headed hydra (4 damage)
             ... on level 5 of the Lair of Beasts.
             The game lasted 00:45:03 (23662 turns).

tilp the Frost Mage (Felid Ice Elementalist)       Turns: 23662, Time: 00:45:04

HP:   -3/44 (48)    AC: 12    Str:  4    XL:     10   Next: 85%
MP:   24/29         EV: 26    Int: 20    God:    Ru [****..]
Gold: 1830          SH:  0    Dex: 24    Spells: 6/21 levels left
                                        Lives: 0   Deaths: 2

rFire   . . .      SeeInvis +     - Unarmed
rCold   + . .      Faith    .   (shield unavailable)
rNeg    . . .      Spirit   .   (armour unavailable)
rPois   .          Reflect  .   (helmet unavailable)
rElec   .          Harm     .   (cloak unavailable)
rCorr   .          Rampage  .   (gloves unavailable)
Will    +....                   (boots unavailable)
Stlth   +++++.....              b - amulet of magic regeneration
HPRegen 0.14/turn               a - ring of magical power
MPRegen 0.61/turn               o - +6 ring of dexterity

@: exhausted, ice-armoured, freezing walls, drained, quick
A: very small, claws 1, fangs 3, see invisible, speed 1, shaggy fur 3, hated by
all, no air magic, no hexes magic, no translocations magic, inexperienced 1,
stealthy paws, no weapons or thrown items, no armour, multi-lived
a: Renounce Religion, Draw Out Power, Power Leap


You were on level 5 of the Lair of Beasts.
You worshipped Ru.
Ru was greatly pleased with you.
You visited 3 branches of the dungeon, and saw 18 of its levels.

You collected 1830 gold pieces.

Inventory:

Jewellery
 a - a ring of magical power (left paw)
 b - an amulet of magic regeneration (around neck)
 k - an amulet of guardian spirit
 o - a +6 ring of dexterity (right paw)
 C - a ring of flight
Wands
 f - a wand of flame (15)
 h - a wand of paralysis (10)
 q - a wand of digging (3)
 u - a wand of iceblast (8)
 y - a wand of acid (12)
 D - a wand of polymorph (9)
Scrolls
 e - 4 scrolls of fog
 m - 3 scrolls of teleportation
 r - a scroll of noise
 t - 3 scrolls of fear
 v - a scroll of magic mapping
 A - 2 scrolls of identify
Potions
 c - a potion of ambrosia
 d - 2 potions of magic
 g - 2 potions of brilliance
 i - 3 potions of flight
 j - a potion of resistance
 l - a potion of mutation
 n - 3 potions of berserk rage
 p - 2 potions of invisibility
 s - 4 potions of attraction
 w - a potion of heal wounds
 z - 5 potions of curing
 B - a potion of lignification
Miscellaneous
 x - a piece from Xom's chessboard (15/15)


   Skills:
 - Level 8.0 Fighting
 + Level 9.5 Dodging
 + Level 11.3 Stealth
 + Level 8.9 Unarmed Combat
 - Level 6.0 Spellcasting
 - Level 10.0 Conjurations
 - Level 12.0 Ice Magic
   Level 0.0 Air Magic
 - Level 2.0 Poison Magic
 + Level 7.3 Evocations


You had 6 spell levels left.
You knew the following spells:

 Your Spells              Type           Power      Damage    Failure   Level
a - Freeze                Ice            100%       1d11      1%          1
b - Frozen Ramparts       Ice            100%       1d12      1%          3
c - Ozocubu's Armour      Ice            52%        N/A       1%          3
d - Hailstorm             Conj/Ice       50%        3d11      1%          4
e - Magic Dart            Conj           100%       1d8       1%          1
f - Mephitic Cloud        Conj/Pois/Air  22%        N/A       6%          3

Your spell library contained the following spells:

 Spells                   Type           Power      Damage    Failure   Level
 Ignite Poison            Fire/Tmut/Pois 8%         N/A       24%         3
 Agony                    Necr           6%         N/A       96%         5
 Orb of Destruction       Conj           23%        9d10      82%         7
 Freezing Cloud           Conj/Ice/Air   Unusable   6-21      N/A         5
 Call Imp                 Summ           Unusable   N/A       N/A         2
 Call Canine Familiar     Summ           Unusable   N/A       N/A         3
 Gell's Gravitas          Tloc           Unusable   N/A       N/A         3
 Lesser Beckoning         Tloc           Unusable   N/A       N/A         3
 Portal Projectile        Hex/Tloc       Unusable   N/A       N/A         3
 Summon Guardian Golem    Hex/Summ       Unusable   N/A       N/A         3
 Teleport Other           Tloc           Unusable   N/A       N/A         3
 Leda's Liquefaction      Hex/Erth       Unusable   N/A       N/A         4
 Summon Forest            Summ/Tloc      Unusable   N/A       N/A         5
 Dispersal                Tloc           Unusable   N/A       N/A         6
 Spellforged Servitor     Conj/Summ      Unusable   N/A       N/A         7

Dungeon Overview and Level Annotations

Branches:
Dungeon (11/15)            Temple (1/1) D:6            Lair (6/6) D:9
 Shoals (0/4) Lair:2       Spider (0/4) Lair:4        Slime (0/5) Lair:6
    Orc: D:9-12

Altars:
Ashenzari
Cheibriados
Dithmenos
Elyvilon
Fedhas
Gozag
Hepliaklqana
Kikubaaqudgha
Makhleb
Nemelex Xobeh
Okawaru
Qazlal
Ru
Sif Muna
Trog
Uskayaw
Vehumet
Wu Jian
Xom
Yredelemnul
Zin
The Shining One
Beogh

Annotations:
D:10 (4x vamp mosq), exclusion: 2 doors
Lair:1 2 transporters
Lair:2 3 runed translucent doors, qborf's ghost, journeyman DsFi


Innate Abilities, Weirdness & Mutations

You have sharp claws.
You have razor-sharp teeth.
You have supernaturally acute eyesight. (SInv)
You cover ground quickly. (Speed+)
Your thick and shaggy fur keeps you warm. (AC +3, rC+)
You are hated by all.
You cannot study or cast Air magic.
You cannot study or cast Hexes magic.
You cannot study or cast Translocations magic.
You are somewhat inexperienced. (-2 XL)
Your paws help you pounce on unaware monsters.
You are incapable of wielding weapons or throwing items.
You cannot wear armour.
You gain extra lives every three experience levels.


Message History

Confirm with . or Enter, or press ? or * to list all spells.
A film of ice covers your body!
The eight-headed hydra closely misses you.
The eight-headed hydra bites you but does no damage.
The eight-headed hydra completely misses you. x2
The eight-headed hydra closely misses you.
The eight-headed hydra bites you but does no damage.
The eight-headed hydra misses you. x2
Casting: Ozocubu's Armour (safe; 1% risk of failure)
Confirm with . or Enter, or press ? or * to list all spells.
Casting: Frozen Ramparts (safe; 1% risk of failure)
Press: ? - help, Dir - look around, f - activate The walls around you are covered in ice.
The wall freezes the eight-headed hydra.
The eight-headed hydra seems to slow down.
The eight-headed hydra completely misses you.
The eight-headed hydra closely misses you. x2
The eight-headed hydra completely misses you.
The eight-headed hydra bites you!
The eight-headed hydra barely misses you.
The eight-headed hydra bites you but does no damage.
The eight-headed hydra completely misses you.
Aiming: Corrosive Bolt
Press: ? - help, Shift-Dir - straight line, f - eight-headed hydra
Aim: an eight-headed hydra (slow, 91% to hit)
The bolt of acid hits the eight-headed hydra!!
The eight-headed hydra is moderately wounded.
The wall freezes the eight-headed hydra.
The eight-headed hydra bites you.
* * * LOW HITPOINT WARNING * * *
The eight-headed hydra bites you!
* * * LOW HITPOINT WARNING * * *
The eight-headed hydra bites you!
* * * LOW HITPOINT WARNING * * *
You focus your inner power and illuminate the eight-headed hydra in retribution!
The eight-headed hydra misses you.
The eight-headed hydra completely misses you. x2
The eight-headed hydra barely misses you.
The eight-headed hydra bites you.
You die...

#.## ##..##
##....####
#......>.##.#
#........P.## ..
#.............+ ..
#
#...........##....
#.#.........###
... #.@........#
... #D........##
... ##.........#
.. #........##
##...P###.# .#P###
#. # ##


You could see an eight-headed hydra (slow, corona).

Vanquished Creatures
  4 boulder beetles
  A catoblepas (Lair:6)
  5 hydras
  A two-headed ogre (D:10)
  Nergalle (D:10)
  Pikel (D:8)
  A necromancer (Lair:6)
  29 elephants
  A cyclops (D:11)
  3 black mambas
  11 cane toads
  A gargoyle (D:11)
  3 rime drakes
  4 komodo dragons
  Grinder (D:4)
  A hornet (D:7)
  3 polar bears
  5 blink frogs (Lair:3)
  5 dream sheep (Lair:1)
  2 spriggans (Lair:4)
  Sigmund (D:2)
  A redback (Lair:4)
  A shadow (D:10)
  30 yaks
  A wraith (D:9)
  A wyvern (Lair:3)
  An acid dragon (D:10)
  12 water moccasins
  3 orc warriors
  2 ice beasts (D:6)
  3 black bears
  2 ogres (D:5)
  A necrophage (D:5)
  11 wolves
  A phantom (D:7)
  4 centaurs
  A kobold brigand (D:6)
  6 bullfrogs
  3 lemures (D:8)
  2 gnoll sergeants (D:11)
  2 scorpions (D:5)
  A water moccasin zombie (D:5)
  3 killer bees (D:5)
  6 howler monkeys (D:11)
  An electric eel (D:8)
  4 orc priests
  4 centaur zombies
  5 hounds
  A jelly (D:8)
  2 bullfrog skeletons
  3 iguanas (D:5)
  10 orc wizards
  Natasha (thrice) (D:4)
  A killer bee zombie (D:9)
  2 howler monkey zombies (D:8)
  11 gnolls
  A howler monkey skeleton (D:7)
  7 adders
  2 shadow imps (D:6)
  A white imp (D:5)
  An ufetubus (D:5)
  2 worms
  3 dart slugs
  47 orcs
  7 ball pythons
  6 endoplasms
  A giant cockroach (D:1)
  7 goblins
  3 hobgoblins
  3 jackals (D:2)
  12 kobolds
  A quokka (D:3)
  7 bats
  7 frilled lizards
  4 rats
351 creatures vanquished.

Vanquished Creatures (others)
  A bullfrog (Lair:1)
  A jelly (D:7)
  21 fungi
  49 plants
  6 withered plants (Lair:6)
78 creatures vanquished.

Grand Total: 429 creatures vanquished

Notes
Turn   | Place    | Note
-------+----------+-------------------------------------------
     0 | D:1      | tilp the Felid Ice Elementalist began the quest for the
                  | Orb.
     0 | D:1      | Reached XP level 1. HP: 7/7 MP: 4/4
   227 | D:1      | Reached skill level 1 in Unarmed Combat
   475 | D:1      | Reached XP level 2. HP: 8/11 MP: 6/6
  1600 | D:2      | Found a burning altar of Makhleb.
  1724 | D:2      | Reached XP level 3. HP: 13/14 MP: 7/7
  1736 | D:2      | Learned a level 3 spell: Frozen Ramparts
  1838 | D:2      | Found a faded altar of an unknown god.
  1847 | D:2      | Reached skill level 4 in Ice Magic
  2355 | D:2      | Noticed Sigmund
  2845 | D:3      | Learned a level 3 spell: Ozocubu's Armour
  2917 | D:3      | Reached XP level 4. HP: 8/18 MP: 8/8
  3483 | D:3      | Reached skill level 5 in Ice Magic
  3483 | D:3      | Reached XP level 5. HP: 21/21 MP: 10/10
  3566 | D:4      | Noticed Natasha
  3574 | D:4      | Killed Natasha
  3633 | D:4      | Gained mutation: You are covered in thick fur. (AC +2)
                  | [Felid growth]
  3633 | D:4      | Reached XP level 6. HP: 24/24 MP: 11/11
  3690 | D:4      | Noticed Grinder
  3800 | D:4      | Noticed Natasha
  3819 | D:4      | Reached skill level 6 in Ice Magic
  3822 | D:4      | Killed Natasha
  3823 | D:4      | Reached skill level 1 in Evocations
  3983 | D:4      | Noticed Natasha
  3994 | D:4      | Killed Natasha
  4274 | D:3      | Identified a scroll of acquirement
  4274 | D:3      | Acquired 776 gold pieces
  4285 | D:5      | Entered Level 5 of the Dungeon
  4687 | D:5      | Learned a level 4 spell: Hailstorm
  4706 | D:5      | Reached XP level 7. HP: 18/28 MP: 12/12
  5034 | D:5      | Reached skill level 1 in Fighting
  6259 | D:6      | Reached XP level 8. HP: 32/34 MP: 13/13
  6337 | D:6      | Found a staircase to the Ecumenical Temple.
  6375 | Temple   | Entered the Ecumenical Temple
  6909 | Temple   | Became a worshipper of Ru the Awakened
  7090 | D:6      | Found a broken altar of Ashenzari.
  7099 | D:6      | Found a snail-covered altar of Cheibriados.
  7100 | D:6      | Found a shimmering blue altar of Sif Muna.
  7102 | D:6      | Found a sparkling altar of Nemelex Xobeh.
  7102 | D:6      | Found a bloodstained altar of Trog.
  7103 | D:6      | Found a hazy altar of Hepliaklqana.
  7110 | D:6      | Found a shadowy altar of Dithmenos.
  7862 | D:7      | Reached skill level 5 in Stealth
  8220 | D:7      | Reached skill level 5 in Dodging
  8220 | D:7      | Reached skill level 5 in Unarmed Combat
  8435 | D:7      | Gained mutation: You are hated by all. [Ru sacrifice]
  8435 | D:7      | Reached * piety under Ru
  8490 | D:7      | Noticed a hornet
  8543 | D:7      | Paralysed by a hornet for 2 turns
  8548 | D:7      | Killed a hornet
  8549 | D:7      | Reached XP level 9. HP: 19/39 MP: 14/14
  8771 | D:7      | Found a runed translucent door.
  9308 | D:7      | Learned a level 1 spell: Magic Dart
  9675 | D:8      | Reached skill level 1 in Conjurations
 10777 | D:8      | Noticed Pikel
 10938 | D:8      | Killed Pikel
 10939 | D:8      | Reached skill level 5 in Conjurations
 10939 | D:8      | Reached skill level 7 in Ice Magic
 10939 | D:8      | Reached XP level 10. HP: 27/42 MP: 18/18
 11338 | D:9      | Found a staircase to the Lair.
 11400 | D:9      | Reached skill level 5 in Spellcasting
 11910 | D:9      | Learned a level 3 spell: Mephitic Cloud
 11930 | D:10     | Entered Level 10 of the Dungeon
 11930 | D:10     | Noticed Nergalle
 11933 | D:10     | Killed Nergalle
 11934 | D:10     | Reached skill level 1 in Air Magic
 11934 | D:10     | Reached skill level 1 in Poison Magic
 12305 | D:10     | Noticed a boulder beetle
 12332 | D:10     | Killed a boulder beetle
 13708 | D:10     | Reached skill level 8 in Ice Magic
 13708 | D:10     | Gained mutation: You cannot study or cast Air magic. [Ru
                  | sacrifice]
 13708 | D:10     | Gained mutation: You cannot study or cast Hexes magic. [Ru
                  | sacrifice]
 13708 | D:10     | Gained mutation: You cannot study or cast Translocations
                  | magic. [Ru sacrifice]
 13708 | D:10     | Reached ** piety under Ru
 13990 | D:10     | Noticed a two-headed ogre
 14042 | D:10     | Killed a two-headed ogre
 14043 | D:10     | Reached skill level 9 in Ice Magic
 14043 | D:10     | Reached XP level 11. HP: 46/46 MP: 21/21
 14347 | D:11     | Noticed a boulder beetle
 14375 | D:11     | Killed a boulder beetle
 14705 | D:11     | Reached skill level 10 in Ice Magic
 14759 | D:11     | Noticed a boulder beetle
 14779 | D:11     | Killed a boulder beetle
 15282 | D:11     | Got the Papyrus of the Voyage and Stolen Souls
 15692 | D:11     | Identified the +5 hunting sling of Houlere {venom, rC++
                  | rN+++ rCorr Str-5}
 16071 | D:2      | Killed Sigmund
 16175 | D:4      | Killed Grinder
 16265 | D:5      | Reached skill level 5 in Fighting
 16265 | D:5      | Reached skill level 5 in Evocations
 16265 | D:5      | Gained mutation: Your thick and shaggy fur keeps you warm.
                  | (AC +3, rC+) [Felid growth]
 16265 | D:5      | Reached XP level 12. HP: 51/51 MP: 22/22
 16452 | Lair:1   | Entered Level 1 of the Lair of Beasts
 16600 | Lair:1   | Reached skill level 10 in Stealth
 16611 | Lair:1   | Noticed a five-headed hydra
 16625 | Lair:1   | Killed a five-headed hydra
 16674 | Lair:1   | Noticed a five-headed hydra
 16684 | Lair:1   | Killed a five-headed hydra
 16759 | Lair:1   | Found a transporter.
 16763 | Lair:1   | Found a transporter.
 17117 | Lair:1   | Gained mutation: You are somewhat inexperienced. (-2 XL)
                  | [Ru sacrifice]
 17117 | Lair:1   | Reached XP level 11. HP: 49/49 MP: 30/30
 17117 | Lair:1   | Reached XP level 10. HP: 46/46 MP: 29/29
 17117 | Lair:1   | Reached *** piety under Ru
 17117 | Lair:1   | Reached **** piety under Ru
 17632 | Lair:2   | Found a staircase to the Shoals.
 17741 | Lair:2   | Noticed a boulder beetle
 18397 | Lair:1   | Reached XP level 11. HP: 38/51 MP: 21/21
 19128 | Lair:2   | Found a runed translucent gate.
 19128 | Lair:2   | Found a runed translucent gate.
 19131 | Lair:2   | Found a runed translucent gate.
 19798 | Lair:2   | Reached skill level 11 in Ice Magic
 19863 | Lair:2   | Noticed qborf's ghost (journeyman DsFi)
 20152 | Lair:3   | Slain by a cane toad
 20153 | Lair:3   | Reached XP level 10. HP: -1/48 MP: 24/29
 20453 | Lair:3   | Noticed an eight-headed hydra
 20460 | Lair:3   | Slain by an eight-headed hydra
 20461 | Lair:3   | Reached XP level 9. HP: -2/44 MP: 28/28
 20862 | Lair:3   | Killed an eight-headed hydra
 20863 | Lair:3   | Reached skill level 10 in Conjurations
 21112 | Lair:4   | Found a bloodstained altar of Trog.
 21241 | Lair:4   | Reached XP level 10. HP: 32/48 MP: 20/20
 21366 | Lair:4   | Reached skill level 12 in Ice Magic
 21413 | Lair:4   | Found a hole to the Spider Nest.
 22674 | Lair:5   | Noticed a seven-headed hydra
 22696 | Lair:5   | Killed a seven-headed hydra
 23072 | Lair:5   | You fall into a shaft and drop 1 floor!
 23072 | Lair:6   | Entered Level 6 of the Lair of Beasts
 23259 | Lair:6   | Noticed a death yak
 23260 | Lair:6   | Noticed a death yak
 23292 | Lair:6   | Noticed a boulder beetle
 23436 | Lair:6   | Noticed a catoblepas
 23448 | Lair:6   | Killed a catoblepas
 23651 | Lair:5   | Noticed an eight-headed hydra
 23662 | Lair:5   | HP: 1/44 [eight-headed hydra (7)]
 23662 | Lair:5   | Slain by an eight-headed hydra

Illustrated notes

Levels and vault maps discovered:
D:1:      lemuel_arrival_room, layout_basic, kennysheep_nondescript
D:2:      layout_loops_ring, basic_altar,
          dreamdust_ecumenical_altar_angels_and_demons, minmay_misc_feat_iff,
          uniq_sigmund
D:3:      layout_basic, serial_park_tiny_pond, cheibrodos_gnoll_hut
D:4:      layout_cave_pools, uniq_grinder, uniq_natasha
D:5:      layout_rooms
D:6:      layout_cave_pools, nicolae_overflow_hallway_of_the_gods,
          minmay_temple_entry_proselytizer
D:7:      layout_loops_corners, minmay_misc_feat_hallway,
          lightli_church_of_beogh
D:8:      layout_basic, kennysheep_donut, uniq_pikel
D:9:      layout_loops_cross, lair_entry_dummy
D:10:     layout_rooms, minmay_quadrilaterals, uniq_nergalle
D:11:     layout_small_grid, chequers_serial_rivers_room_a
Temple:   regret_index_temple_generic_petals
Lair:1:   layout_regular_city, gammafunk_ghost_hive
Lair:2:   layout_regular_city, elwin_shoals_entry_rocks,
          gammafunk_ghost_hydra_chop, hibernation_bobbens, grunt_megastairs_3
Lair:3:   layout_gridlike
Lair:4:   wad_woods_stonehenge, layout_regular_city, spider_nest_entry_webs
Lair:5:   layout_roguey
Lair:6:   due_jungle_book, layout_small_grid, minmay_slime_entry_oklob_enclosed,
          minivault_19, st_stairs_13

Skill      XL: |  1  2  3  4  5  6  7  8  9 10 11 12 |
---------------+-------------------------------------+-----
Unarmed Combat | 1 2 3 6 7 8 |  8.9
Ice Magic      | 4 5 6 7 12 11 | 12.0
Spellcasting   | 3 4 6 |  6.0
Evocations     | 4 7 5 6 |  7.3
Fighting       | 3 4 8 5 6 |  8.0
Stealth        | 4 7 8 11 9 10 | 11.3
Dodging        | 4 6 9 8 |  9.5
Conjurations   | 10 6 9 8 | 10.0
Air Magic      | 0 |  0.0
Poison Magic   | 2 |  2.0

Action                   |  1- 3 |  4- 6 |  7- 9 | 10-12 || total
-------------------------+-------+-------+-------+-------++-------
Melee: Unarmed           |    23 |    13 |   174 |   438 ||   648
       Bite              |     2 |       |    15 |    61 ||    78
       Punch             |       |       |     3 |    20 ||    23
 Cast: Freeze            |    55 |    25 |    79 |    43 ||   202
       Frozen Ramparts   |     6 |    11 |    42 |    58 ||   117
       Ozocubu's Armour  |     1 |    10 |    44 |    74 ||   129
       Hailstorm         |       |       |    11 |    85 ||    96
       Magic Dart        |       |       |       |     4 ||     4
Invok: Sacrifice Love    |       |       |     1 |       ||     1
       Draw Out Power    |       |       |       |     2 ||     2
       Power Leap        |       |       |       |     3 ||     3
       Sacrifice Arcana  |       |       |       |     1 ||     1
       Sacrifice Experie |       |       |       |     1 ||     1
       Reject Sacrifices |       |       |       |     1 ||     1
Evoke: Wand              |       |     3 |    17 |    28 ||    48
       Piece from Xom's  |       |       |       |     2 ||     2
  Use: Scroll            |     6 |     7 |     4 |    16 ||    33
       Potion            |       |       |     2 |     3 ||     5
 Stab: Sleeping          |    10 |     2 |     5 |    25 ||    42
       Invisible         |       |       |     1 |     1 ||     2
Armor: Skin              |     5 |     4 |    47 |   108 ||   164
Dodge: Dodged            |    47 |    28 |   189 |   578 ||   842

Table legend: (Time is in decaauts)
 A = Elapsed time spent in this place.
 B = Non-inter-level travel time spent in this place.
 C = Inter-level travel time spent in this place.
 D = Time resting spent in this place.
 E = Time spent auto-exploring this place.
 F = Levels seen in this place.
 G = Mean time per level.
                   A        B        C        D        E       F      G
               +--------+--------+--------+--------+--------+-----+--------+
         Total |  21188 |  19800 |   1388 |   6387 |  10437 |  18 | 1177.1 |
       Dungeon |  14168 |  13047 |   1121 |   3717 |   7485 |  11 | 1288.0 |
        Temple |    514 |    468 |     46 |    306 |    154 |   1 |  514.0 |
          Lair |   6505 |   6286 |    219 |   2364 |   2797 |   6 | 1084.2 |
               +--------+--------+--------+--------+--------+-----+--------+

Top non-repeatable levels by time:
  Lair:1: 1896 daAuts
     D:9: 1820 daAuts
     D:5: 1576 daAuts
     D:7: 1482 daAuts
    D:11: 1475 daAuts
     D:8: 1469 daAuts
     D:1: 1412 daAuts
     D:6: 1267 daAuts
  Lair:2: 1210 daAuts
  Lair:4: 1101 daAuts
  Lair:3: 978 daAuts
     D:2: 975 daAuts
    D:10: 909 daAuts
     D:3: 905 daAuts
     D:4: 873 daAuts
